[Event "GER-ch Youth U16 2020"]
[Site "Willingen"]
[Date "2020.10.23"]
[Round "6.2"]
[White "Köllner, Ruben Gideon"]
[Black "Fromm, Marius"]
[Result "1-0"]
[ECO "D12"]
[WhiteElo "2337"]
[BlackElo "2190"]
[Annotator "RC"]
[PlyCount "67"]
[EventDate "2020.10.20"]
[EventType "swiss"]
[EventRounds "7"]
[EventCountry "GER"]
[SourceTitle "playchess.com"]
[Source "ChessBase"]
[SourceQuality "1"]
[TimeControl "40/5400+30:1800+30"]

1. d4 Nf6 2. Nf3 d5 3. e3 Bf5 4. c4 c6 5. Nc3 a6 6. Qb3 Ra7 7. Be2 e6 8. Ne5 Nbd7 9. f4 Be7 10. Bd2 O-O 11. O-O Ne4 12. Nxe4 Bxe4 13. Bd3 Bxd3 14. Nxd3 Nf6 15. Bb4 Ra8 16. Bxe7 Qxe7 17. c5 Rfe8 18. a4 Ng4 19. Rfe1 a5 20. Qc2 f6 21. Rab1 Nh6 22. b4 axb4 23. Rxb4 Ra7 24. Qb3 Rc8 25. e4 dxe4 26. Rxe4 Re8 27. Nb2 Nf5 28. g4 Nh6 29. f5 Nf7 30. Rxe6 Qd7 31. d5 cxd5 32. Rxb7 Qc8 33. Rxe8+ Qxe8 34. Rb8 1-0

[Event "GER-ch Youth U16 2020"]
[Site "Willingen"]
[Date "2020.10.23"]
[Round "6.7"]
[White "Müller, Magnus"]
[Black "Nguyen, Alex Dac-Vuong"]
[Result "1-0"]
[ECO "A45"]
[WhiteElo "2030"]
[BlackElo "2343"]
[Annotator "RC"]
[PlyCount "65"]
[EventDate "2020.10.20"]
[EventType "swiss"]
[EventRounds "7"]
[EventCountry "GER"]
[SourceTitle "playchess.com"]
[Source "ChessBase"]
[SourceQuality "1"]
[TimeControl "40/5400+30:1800+30"]

1. d4 Nf6 2. Bf4 e6 3. e3 c5 4. c3 Nc6 5. Nd2 d5 6. Ngf3 Bd6 7. Bg3 O-O 8. Bb5 a6 9. Bxc6 bxc6 10. Qa4 Bb7 11. Bxd6 Qxd6 12. Qa3 Nd7 13. Nb3 a5 14. Nxc5 Nxc5 15. Qxc5 Qxc5 16. dxc5 a4 17. Kd2 Ra5 18. b4 axb3 19. axb3 Rfa8 20. Rxa5 Rxa5 21. Rc1 Rxc5 22. Ra1 Rb5 23. Nd4 Rb6 24. b4 g6 25. Ra7 Kg7 26. Nb3 e5 27. f4 exf4 28. exf4 Ba6 29. Nc5 Bc4 30. Nd7 Ra6 31. Rxa6 Bxa6 32. Ke3 Bc8 33. Nb8 1-0

[Event "GER-ch Youth U16 2020"]
[Site "Willingen"]
[Date "2020.10.23"]
[Round "6.9"]
[White "Reimer, Philip"]
[Black "Khachatryan, Taron"]
[Result "1/2-1/2"]
[ECO "B97"]
[WhiteElo "1984"]
[BlackElo "2136"]
[Annotator "ChessBase"]
[PlyCount "91"]
[EventDate "2020.10.20"]
[EventType "swiss"]
[EventRounds "7"]
[EventCountry "GER"]
[SourceTitle "playchess.com"]
[Source "ChessBase"]
[SourceQuality "1"]
[TimeControl "40/5400+30:1800+30"]

1. e4 c5 2. Nf3 d6 3. d4 cxd4 4. Nxd4 Nf6 5. Nc3 a6 6. Bg5 e6 7. f4 Qb6 8. Qd3 Qxb2 9. Rb1 Qa3 10. f5 Nc6 11. fxe6 fxe6 12. Nxc6 bxc6 13. Bxf6 gxf6 14. e5 dxe5 15. Be2 Bb4 16. Rb3 Qc1+ 17. Bd1 Bxc3+ 18. Qxc3 O-O 19. O-O Qh6 20. Qxc6 Ra7 21. Bg4 f5 22. Bxf5 Raf7 23. Rg3+ Kh8 24. Bd3 Rxf1+ 25. Bxf1 Qd2 26. Rf3 Qd4+ 27. Kh1 Qd8 28. Rxf8+ Qxf8 29. Bxa6 Bxa6 30. Qxa6 Qf4 31. Qc8+ Kg7 32. Qd7+ Kh8 33. Qe8+ Kg7 34. Qd7+ Kh8 35. Qd1 Qb4 36. Qd8+ Kg7 37. Qg5+ Kf7 38. Qh5+ Kg8 39. Qe8+ Kg7 40. Qd7+ Kf6 41. Qd1 Kg7 42. Qa1 Qa5 43. a4 Kf7 44. h3 e4 45. Kg1 Qc5+ 46. Kh2 1/2-1/2

[Event "GER-ch Youth U16 2020"]
[Site "Willingen"]
[Date "2020.10.23"]
[Round "6.10"]
[White "Skabs, Denis"]
[Black "Mainka, Alwin"]
[Result "1/2-1/2"]
[ECO "B21"]
[WhiteElo "1875"]
[BlackElo "1954"]
[Annotator "ChessBase"]
[PlyCount "68"]
[EventDate "2020.10.20"]
[EventType "swiss"]
[EventRounds "7"]
[EventCountry "GER"]
[SourceTitle "playchess.com"]
[Source "ChessBase"]
[SourceQuality "1"]
[TimeControl "40/5400+30:1800+30"]

1. e4 c5 2. d4 cxd4 3. c3 d5 4. exd5 Qxd5 5. cxd4 Nc6 6. Nf3 e6 7. Nc3 Qd8 8. a3 Be7 9. Bc4 Nf6 10. Bg5 O-O 11. O-O Na5 12. Ba2 b6 13. Qd3 Bb7 14. Rad1 h6 15. Bh4 Nd5 16. Bxe7 Nxe7 17. Ne5 Nac6 18. Bb1 g6 19. Qe3 Kg7 20. Rfe1 Nd5 21. Nxd5 Qxd5 22. Be4 Qd6 23. Qg3 Nxd4 24. Rxd4 Qxd4 25. Bxb7 Qd2 26. Nf3 Qxb2 27. Bxa8 Rxa8 28. Ne5 Qd2 29. Rf1 Rc8 30. Qf3 Rc7 31. Rd1 Qc3 32. Qf4 g5 33. Qe3 Rc5 34. Nd3 Rd5 1/2-1/2

[Event "GER-ch Youth U16 2020"]
[Site "Willingen"]
[Date "2020.10.23"]
[Round "6.11"]
[White "Hommel, Niclas"]
[Black "Zackrisson, Peter"]
[Result "1-0"]
[ECO "B90"]
[WhiteElo "2047"]
[BlackElo "1947"]
[Annotator "ChessBase"]
[PlyCount "55"]
[EventDate "2020.10.20"]
[EventType "swiss"]
[EventRounds "7"]
[EventCountry "GER"]
[SourceTitle "playchess.com"]
[Source "ChessBase"]
[SourceQuality "1"]
[TimeControl "40/5400+30:1800+30"]

1. e4 c5 2. Nf3 d6 3. d4 cxd4 4. Nxd4 Nf6 5. Nc3 a6 6. f3 e5 7. Nb3 Be7 8. Be3 Be6 9. Qd2 h5 10. O-O-O b5 11. Nd5 Bxd5 12. exd5 Nbd7 13. Na5 Nb6 14. Nc6 Qc7 15. Bxb6 Qxb6 16. Bd3 Nd7 17. h4 Bf6 18. Be4 Nb8 19. Kb1 Nxc6 20. dxc6 O-O-O 21. Qd5 Rhf8 22. g4 Kc7 23. g5 Be7 24. Rd3 f5 25. Bxf5 Rxf5 26. Qe6 Rf4 27. Qxe7+ Kc8 28. Rxd6 1-0